 Dungeon Crawl Stone Soup version 0.28-a0-1117-g0bdd5ba030 (webtiles) character file.

Game seed: 1914351375086657901

122 ducksouse the Skirmisher (level 4, -1/41 HPs)
             Began as a Minotaur Fighter on Dec 11, 2021.
             Killed by divine providence
             ... invoked by an orc priest
              (14 damage)
             ... on level 3 of the Dungeon.
             The game lasted 00:05:52 (2186 turns).

ducksouse the Skirmisher (Minotaur Fighter)         Turns: 2186, Time: 00:05:53

Health: -1/41      AC:  8    Str: 22    XL:     4   Next: 78%
Magic:  3/3        EV:  9    Int:  5    God:
Gold:   116        SH:  4    Dex: 10    Spells: 3/3 levels left

rFire   . . .      SeeInvis .   k - +1 short sword (holy)
rCold   . . .      Faith    .   c - +0 buckler
rNeg    . . .      Spirit   .   b - +0 scale mail
rPois   .          Reflect  .   (helmet restricted)
rElec   .          Harm     .   (no cloak)
rCorr   .          Rampage  .   j - +0 pair of gloves
Will    .....                   (no boots)
Stlth   ..........              (no amulet)
HPRegen 0.13/turn               (no ring)
MPRegen 0.08/turn               (no ring)

@: no status effects
A: horns 2, retaliatory headbutt
a: no special abilities


You were on level 3 of the Dungeon.
You visited 1 branch of the dungeon, and saw 3 of its levels.

You collected 116 gold pieces.

Inventory:

Hand Weapons
 a - a +0 long sword
 i - a +2 short sword of electrocution
 k - a +1 short sword of holy wrath (weapon)
 o - a +0 hunting sling
Missiles
 m - 3 boomerangs (quivered)
 n - 14 bolts
 p - 48 stones
Armour
 b - a +0 scale mail (worn)
 c - a +0 buckler (worn)
 j - a +0 pair of gloves (worn)
Scrolls
 e - a scroll of torment {unknown}
 f - a scroll of enchant armour {unknown}
 h - a scroll of enchant weapon {unknown}
 l - a scroll of immolation {unknown}
 r - a scroll of teleportation {unknown}
Potions
 d - a potion of might
 g - a potion of mutation {unknown}
 q - a potion of brilliance {unknown}
 s - a potion of haste {unknown}


   Skills:
 + Level 4.5 Fighting
 + Level 1.2(2.4) Short Blades
 + Level 3.6(3.7) Long Blades
 + Level 4.5 Armour
 + Level 4.4 Shields


You had 3 spell levels left.
You didn't know any spells.
Your spell library contained the following spells:

 Spells                   Type           Power      Damage    Failure   Level
 Animate Skeleton         Necr           0%         N/A       80%         1
 Apportation              Tloc           0%         N/A       80%         1
 Sandblast                Erth           0%         2d4       80%         1
 Summon Small Mammal      Summ           0%         N/A       80%         1
 Passwall                 Tmut/Erth      0%         N/A       90%         2
 Stone Arrow              Conj/Erth      0%         3d7       99%         3


Dungeon Overview and Level Annotations

Branches:
Dungeon (3/15)

Altars:


Innate Abilities, Weirdness & Mutations

You have a pair of horns on your head.
You reflexively headbutt those who attack you in melee.


Message History

The worm bites you!
You barely miss the worm. You headbutt the worm.
The worm is severely wounded.
You completely miss the worm.
The worm is severely wounded.
The worm bites you but does no damage.
You puncture the worm!
You kill the worm!
You see here a +0 whip.
s - a ruby potion You open the door.
There is an open door here.
You open the door.
There is an open door here.
An orc priest comes into view. It is wielding a +0 hand axe.
The orc priest shouts!
You hear a shout!
The orc priest calls down the wrath of Beogh upon you.
Beogh smites you!
You hear a shout!
An orc comes into view. It is wielding a +0 club.
An orc comes into view. It is wielding a +0 dagger.
Found a metallic black potion.
The orc shouts!
An orc priest comes into view. It is wielding a +0 club.
The orc priest looks braver for a moment.
The orc hits you but does no damage.
You closely miss the orc. Your headbutt misses the orc.
The orc closely misses you. You furiously retaliate!
You headbutt the orc!
You kill the orc!
The orc priest hits you with a +0 hand axe.
The orc priest mumbles some strange prayers to Beogh against you.
Pain shoots through your body!
* * * LOW HITPOINT WARNING * * *
An orc comes into view. It is wielding a +0 war axe.
The orc shouts!
You hear a shout!
The orc priest looks satisfied for a moment.
The orc hits you but does no damage.
The orc priest mumbles some strange prayers to Beogh against you.
Beogh smites you!
You die...

.....................).......
#.###########.##.##.#.#.#.###
#.# #.##.#.........# #.#
#.##.##.##+##.## #.#
#.##.#..#...#..# #.#
#.##.##.+...'.## #..
.###.......#...#...# ...
.........#.##'##.#...# #.#
#@..........##.#
#..#.#.#.#.## # #.o.#..##....
#...#.## ##### #......#
#.##o..# #....o.########
###.#.o........ #.....#######


You could see 2 orc priests and 2 orcs.

Vanquished Creatures
  4 gnolls (D:2)
  A howler monkey skeleton (D:2)
  An adder (D:2)
  A worm (D:3)
  2 dart slugs
  An orc (D:3)
  8 ball pythons
  3 endoplasms
  A giant cockroach (D:1)
  9 goblins
  7 hobgoblins
  4 kobolds
  5 quokkas
  3 bats
  A frilled lizard (D:1)
  3 rats (D:1)
54 creatures vanquished.

Notes
Turn   | Place    | Note
-------+----------+-------------------------------------------
     0 | D:1      | ducksouse the Minotaur Fighter began the quest for the Orb.
     0 | D:1      | Reached XP level 1. HP: 19/19 MP: 0/0
   142 | D:1      | Reached XP level 2. HP: 27/27 MP: 1/1
   208 | D:1      | Found a faded altar of an unknown god.
   301 | D:1      | Reached XP level 3. HP: 29/33 MP: 2/2
  1100 | D:2      | Reached XP level 4. HP: 36/40 MP: 3/3
  1286 | D:2      | Reached skill level 1 in Short Blades
  2186 | D:3      | Killed from afar by an orc priest

Illustrated notes

Levels and vault maps discovered:
D:1:      lightli_arrival_statuegarden, layout_loops_ring,
          hellmonk_ecumenical_altar_pennies_from_heaven
D:2:      layout_basic, grunt_decor_arrowhead
D:3:      minmay_inner_zag, layout_basic, nzn_wu_jian_contemplation,
          nicolae_overflow_hallway_of_the_gods, minmay_misc_feat_doors,
          uniq_terence

Skill      XL: |  1  2  3  4 |
---------------+-------------+-----
Armour         | 4 |  4.5
Shields        | 4 |  4.4
Fighting       | 4 |  4.5
Long Blades    | 3 |  3.6
Short Blades   | 1 |  1.2

Action                   |  1- 3 |  4- 6 || total
-------------------------+-------+-------++-------
Melee: Long sword        |    54 |       ||    54
       Headbutt          |     6 |    10 ||    16
       Short sword       |    32 |    33 ||    65
  Use: Potion            |       |     1 ||     1
Armor: Scale mail        |    33 |    13 ||    46
Dodge: Dodged            |    41 |    17 ||    58
Block: Buckler           |    18 |     8 ||    26

Table legend: (Time is in decaauts)
 A = Elapsed time spent in this place.
 B = Non-inter-level travel time spent in this place.
 C = Inter-level travel time spent in this place.
 D = Time resting spent in this place.
 E = Time spent auto-exploring this place.
 F = Levels seen in this place.
 G = Mean time per level.
                   A        B        C        D        E       F      G
               +--------+--------+--------+--------+--------+-----+--------+
         Total |   2200 |   2200 |      0 |    304 |   1158 |   3 |  733.3 |
       Dungeon |   2200 |   2200 |      0 |    304 |   1158 |   3 |  733.3 |
               +--------+--------+--------+--------+--------+-----+--------+

Top non-repeatable levels by time:
     D:2: 1348 daAuts
     D:1: 746 daAuts
     D:3: 105 daAuts
